 Dungeon Crawl Stone Soup version 0.17.1-1-g73c8601 (webtiles) character file.

8299 shmeve the Fighter (level 11, -7/99 HPs)
             Began as a Minotaur Fighter on Apr 23, 2016.
             Was a High Priest of Okawaru.
             Mangled by an orc knight
             ... wielding a +0 war axe of electrocution
              (12 damage)
             ... while paralysed by an orc sorcerer
             ... on level 3 of the Orcish Mines.
             The game lasted 00:20:13 (9974 turns).

shmeve the Fighter (Minotaur Fighter)               Turns: 9974, Time: 00:20:13

Health: -7/99      AC: 21    Str: 24    XL:     11   Next: 8%
Magic:  11/13      EV:  2    Int:  5    God:    Okawaru [*****.]
Gold:   1221       SH:  0    Dex: 10    Spells: 0 memorised, 10 levels left

rFire  + . .     SeeInvis .     a - +0 war axe
rCold  . . .     Clarity  .     p - +0 plate armour
rNeg   . . .     SustAt   .     c - +0 shield
rPois  +         Gourm    .     (helmet restricted)
rElec  .         Spirit   .     f - +1 cloak
rCorr  .         Warding  .     (no gloves)
rMut   .         Stasis   .     C - +2 pair of boots
MR     .....                    b - amulet of faith
Stlth  ..........               B - ring of protection from fire
                                r - ring of poison resistance

@: paralysed, heroism, not resistant to hostile enchantments, extremely
unstealthy
A: retaliatory headbutt, horns 2
a: Heroism, Finesse, Renounce Religion


You were on level 3 of the Orcish Mines.
You worshipped Okawaru.
Okawaru was extremely pleased with you.
You were not hungry.

You visited 3 branches of the dungeon, and saw 14 of its levels.

You collected 1221 gold pieces.

Inventory:

Hand Weapons
 a - a +0 war axe (weapon)
Armour
 c - a +0 shield (worn)
 f - a +1 cloak (worn)
 p - a +0 plate armour (worn)
 C - a +2 pair of boots (worn)
Jewellery
 b - an amulet of faith (around neck)
 r - a ring of poison resistance (left hand)
 B - a ring of protection from fire (right hand)
Scrolls
 g - 4 scrolls of identify
 h - 2 scrolls of fog
 j - 12 scrolls of teleportation
 k - 5 scrolls of recharging
 q - 3 scrolls of remove curse
 w - 2 scrolls of fear
 D - a scroll of amnesia
 I - 2 scrolls of noise
Potions
 d - 3 potions of might
 i - 2 potions of brilliance
 l - a potion of haste
 m - 2 potions of flight
 n - a potion of agility
 o - 2 potions of heal wounds
 s - 3 potions of cancellation
 t - 4 potions of curing
 J - a potion of resistance
Books
 x - a book of Envenomations

   Spells                             Type                      Level
   a - Spider Form                    Transmutation/Poison         3
   b - Alistair's Intoxication        Transmutation/Poison         4
   c - Olgreb's Toxic Radiance        Poison                       4
   d - Poisonous Cloud                Conjuration/Poison/Air       6
 G - a book of the Sky

   Spells                             Type                      Level
   a - Summon Lightning Spire         Summoning/Air                4
   b - Airstrike                      Air                          4
   c - Silence                        Hexes/Air                    5
   d - Deflect Missiles               Charms/Air                   6
   e - Conjure Ball Lightning         Conjuration/Air              6
   f - Tornado                        Air                          9
Comestibles
 e - 3 bread rations
 u - 2 chunks of flesh
 v - a slice of pizza
 z - 8 beef jerkies
 F - 11 royal jellies
 L - a meat ration
 N - 5 fruits


   Skills:
 * Level 10.1(15.1) Fighting
 * Level 9.7(14.7) Axes
 + Level 5.0(10.0) Throwing
 + Level 7.6(12.6) Armour
 + Level 5.9(10.9) Dodging
 * Level 9.8(14.8) Shields
 + Level 4.9 Invocations


You had 10 spell levels left.
You didn't know any spells.

Dungeon Overview and Level Annotations

Branches:
Dungeon (10/15)            Temple (1/1) D:7             Orc (3/4) D:9
   Lair: D:8-11         Elf: Orc:3-4

Altars:
Ashenzari
Cheibriados
Dithmenos
Elyvilon
Fedhas
Gozag
Okawaru
Qazlal
Sif Muna
Trog
Vehumet
Xom
Yredelemnul
Zin
The Shining One
Beogh
Lugonu

Shops:
D:5 [


Innate Abilities, Weirdness & Mutations

You reflexively headbutt those who attack you in melee.
You have a pair of horns on your head.


Message History

You hit the deep troll but do no damage.
The deep troll is almost dead.
The deep troll bites you but does no damage.
You block the deep troll's attack. x2
The orc priest casts a cantrip, but nothing happens.
The orc sorcerer gestures at you while chanting.
You suddenly lose the ability to move!
The orc knight looks more healthy.
The orc knight roars a battlecry!
The orc priest goes into a battle-frenzy!
The orc knight hits you with a war axe of electrocution.
* * * LOW HITPOINT WARNING * * *
The deep troll bites you!
* * * LOW HITPOINT WARNING * * *
The deep troll claws you.
* * * LOW HITPOINT WARNING * * *
The deep troll barely misses you.
The orc knight roars a battlecry!
The orc knight hits you with a war axe of electrocution!
You die...

##.##..........##.
####.#.......####
###.<.....#
##.......## #####
###.........#
#≈≈≈≈###..........###
#§§§≈.#.............##
#§o§§........#.......#
#o§§≈@#......###..)...
o.o####To#...###
##.....
.o##......###.....
..#####...........#
### ##...........
#............
.##......##.
#.....#####
####........##


You could see 2 orc knights, a deep troll and an orc priest (frenzied).

Vanquished Creatures
  Erolcha (D:8)
  Pikel (D:9)
  A hill giant (D:10)
  A cyclops (D:6)
  A two-headed ogre (D:8)
  5 trolls
  Sigmund (D:5)
  Grum (D:9)
  2 hippogriffs
  2 wolves (D:9)
  A warg (Orc:2)
  A water moccasin (D:8)
  8 orc warriors
  4 ogres
  A black bear (D:9)
  2 sky beasts
  3 centaurs
  A phantom (D:9)
  A wyvern zombie (D:7)
  6 giant frogs
  2 crimson imps
  2 hounds
  10 killer bees
  4 jellies
  14 orc wizards
  A centaur skeleton (D:9)
  2 giant frog skeletons
  3 iguanas
  7 worker ants
  9 orc priests
  A mummy (D:8)
  A worker ant zombie (D:6)
  10 adders
  A shadow imp (D:5)
  5 oozes (D:8)
  2 worms
  72 orcs
  4 giant cockroaches
  7 hobgoblins
  4 jackals
  6 kobolds
  4 quokkas
  A ball python (D:1)
  10 bats
  8 giant geckos
  A giant gecko zombie (D:5)
  2 giant newts (D:2)
  13 goblins
  9 rats
259 creatures vanquished.

Vanquished Creatures (others)
  A slave (D:9)
  A scorpion (D:9)
  An orc priest (D:9)
  An adder (D:9)
  3 orcs (D:9)
7 creatures vanquished.

Grand Total: 266 creatures vanquished

Notes
Turn   | Place    | Note
--------------------------------------------------------------
     0 | D:1      | shmeve the Minotaur Fighter began the quest for the Orb.
     0 | D:1      | Reached XP level 1. HP: 19/19 MP: 0/0
   339 | D:1      | Reached XP level 2. HP: 27/27 MP: 1/1
   582 | D:1      | Reached skill level 4 in Fighting
   664 | D:1      | Reached skill level 1 in Throwing
   764 | D:2      | Reached XP level 3. HP: 33/33 MP: 2/2
   780 | D:2      | Found an iron altar of Okawaru.
   792 | D:2      | Became a worshipper of Warmaster Okawaru
  1079 | D:2      | Noticed a moth of wrath
  1081 | D:2      | Found a bloodstained altar of Trog.
  1368 | D:3      | Reached XP level 4. HP: 37/40 MP: 3/3
  2533 | D:4      | Reached skill level 1 in Dodging
  2716 | D:4      | Reached XP level 5. HP: 37/47 MP: 4/4
  3200 | D:4      | Reached skill level 5 in Fighting
  3314 | D:4      | Reached * piety under Okawaru
  3370 | D:4      | Found a basalt altar of Yredelemnul.
  3371 | D:4      | Found a shattered altar of Ashenzari.
  3378 | D:4      | Reached skill level 1 in Invocations
  3380 | D:4      | Reached XP level 6. HP: 36/56 MP: 5/5
  3390 | D:4      | Found a snail-covered altar of Cheibriados.
  3390 | D:4      | Found an iron altar of Okawaru.
  3390 | D:4      | Found a glowing golden altar of the Shining One.
  3390 | D:4      | Found a shadowy altar of Dithmenos.
  3391 | D:4      | Found a blossoming altar of Fedhas.
  3393 | D:4      | Found a deep blue altar of Sif Muna.
  3394 | D:4      | Found a glowing silver altar of Zin.
  3650 | D:5      | Entered Level 5 of the Dungeon
  4163 | D:5      | Reached skill level 5 in Shields
  4181 | D:5      | Found Jijic's Antique Armour Emporium.
  4201 | D:5      | Noticed Sigmund
  4213 | D:5      | Killed Sigmund
  4213 | D:5      | Reached ** piety under Okawaru
  4213 | D:5      | Reached XP level 7. HP: 55/62 MP: 7/7
  4499 | D:5      | Found a radiant altar of Vehumet.
  4574 | D:5      | Found a bloodstained altar of Trog.
  4833 | D:6      | Noticed a cyclops
  4840 | D:6      | Killed a cyclops
  4840 | D:6      | Reached *** piety under Okawaru
  4840 | D:6      | Reached skill level 6 in Fighting
  4840 | D:6      | Reached skill level 5 in Axes
  4840 | D:6      | Reached skill level 5 in Armour
  4840 | D:6      | Reached XP level 8. HP: 48/71 MP: 5/8
  5365 | D:6      | Reached skill level 7 in Fighting
  5483 | D:6      | Reached **** piety under Okawaru
  6146 | D:7      | Reached XP level 9. HP: 74/79 MP: 10/10
  6302 | D:7      | Found a staircase to the Ecumenical Temple.
  6311 | Temple   | Entered the Ecumenical Temple
  6811 | D:8      | Reached skill level 8 in Fighting
  7024 | D:8      | Noticed Erolcha
  7039 | D:8      | Killed Erolcha
  7039 | D:8      | Reached ***** piety under Okawaru
  7357 | D:8      | Reached XP level 10. HP: 73/90 MP: 9/12
  7540 | D:8      | Received a gift from Okawaru
  7900 | D:9      | Found a staircase to the Orcish Mines.
  7974 | D:9      | Reached skill level 9 in Fighting
  8027 | D:9      | Noticed Grum
  8041 | D:9      | Killed Grum
  8041 | D:9      | Reached skill level 5 in Dodging
  8351 | D:9      | Noticed Pikel
  8377 | D:9      | Killed Pikel
  8803 | D:10     | Entered Level 10 of the Dungeon
  8803 | D:10     | Noticed a hill giant
  8812 | D:10     | Killed a hill giant
  8909 | Orc:1    | Entered Level 1 of the Orcish Mines
  9088 | Orc:1    | Found a roughly hewn altar of Beogh.
  9341 | Orc:2    | Received a gift from Okawaru
  9532 | Orc:3    | Reached skill level 10 in Fighting
  9532 | Orc:3    | Reached skill level 5 in Throwing
  9532 | Orc:3    | Reached XP level 11. HP: 61/99 MP: 10/13
  9953 | Orc:3    | Noticed an orc knight
  9954 | Orc:3    | Noticed an orc high priest
  9957 | Orc:3    | Noticed an orc knight
  9957 | Orc:3    | Noticed a deep troll
  9960 | Orc:3    | Noticed an orc sorcerer
  9972 | Orc:3    | Paralysed by an orc sorcerer for 7 turns
  9973 | Orc:3    | HP: 4/99 [deep troll (6)]
  9974 | Orc:3    | Mangled by an orc knight

Action                   |  1- 3 |  4- 6 |  7- 9 | 10-12 || total
-------------------------+-------+-------+-------+-------++-------
Melee: War axe           |   101 |   136 |   224 |   277 ||   738
Throw: Tomahawk          |       |     2 |       |       ||     2
       Javelin           |       |       |    14 |    31 ||    45
Invok: Heroism           |       |       |     4 |     3 ||     7
  Use: Scroll            |       |       |    22 |       ||    22
  Eat: Chunk             |     1 |     5 |    10 |     9 ||    25
       Meat ration       |       |     1 |       |       ||     1
